 Dungeon Crawl Stone Soup version 0.29.0-4-gdea44cf6ec (webtiles) character file.

Game seed: 7600228126255154988

1855 qw the Cleaver (level 8, 0/71 HPs)
             Began as a Minotaur Fighter on Sept 8, 2022.
             Killed from afar by an electric eel (10 damage)
             ... with a bolt of electricity
             ... on level 8 of the Dungeon.
             The game lasted 00:02:47 (7915 turns).

qw the Cleaver (Minotaur Fighter)                   Turns: 7915, Time: 00:02:47

Health: 0/71       AC: 11    Str: 23    XL:     8   Next: 89%
Magic:  7/7        EV: 11    Int:  5    God:
Gold:   348        SH:  4    Dex: 10    Spells: 7/7 levels left

rFire   . . .      SeeInvis +   Y - +1 war axe
rCold   + . .      Faith    .   c - +0 buckler
rNeg    . . .      Spirit   .   s - +3 ring mail
rPois   .          Reflect  .   (helmet restricted)
rElec   .          Harm     .   u - +0 cloak
rCorr   .          Rampage  .   (no gloves)
Will    .....                   h - +0 pair of boots
Stlth   ..........              a - amulet of regeneration
HPRegen 1.01/turn               b - ring of see invisible
MPRegen 0.10/turn               r - ring of protection from cold

@: about to teleport
A: horns 2, retaliatory headbutt
a: no special abilities


You were on level 8 of the Dungeon.
You visited 1 branch of the dungeon, and saw 8 of its levels.

You collected 348 gold pieces.


Innate Abilities, Weirdness & Mutations

You have a pair of horns on your head.
You reflexively headbutt those who attack you in melee.


   Skills:
 + Level 6.3 Fighting
 - Level 12.2 Axes
 - Level 3.6 Armour
 - Level 2.4 Dodging
 - Level 4.5 Shields


You had 7 spell levels left.
You didn't know any spells.
Your spell library was empty.

Inventory:

Hand Weapons
 k - a +1 flail of draining
 Y - a +1 war axe (weapon)
Armour
 c - a +0 buckler (worn)
 h - a +0 pair of boots (worn)
 s - a +3 ring mail (worn)
 u - a +0 cloak (worn)
Jewellery
 a - an amulet of regeneration (around neck)
 b - a ring of see invisible (left hand)
 e - a ring of resist corrosion
 l - a ring of resist corrosion
 r - a ring of protection from cold (right hand)
Scrolls
 g - 2 scrolls of identify
 n - 5 scrolls of teleportation
Potions
 d - a potion of might
 f - a potion of mutation
 i - a potion of curing

Dungeon Overview and Level Annotations

Branches:
Dungeon (8/15)             Temple (0/1) D:4            Lair (0/5) D:8

Altars:
Ashenzari
Dithmenos
Makhleb
Trog
Yredelemnul

Annotations:
D:7 1 runed translucent door, Crazy Yiuf


Message History

The bolt of electricity misses the sky beast.
The bolt of electricity hits you! You block the sky beast's attack.
The sky beast hits you. The sky beast shocks you.
7911 ||| READING 6 scrolls of teleportation.
As you read the scroll of teleportation, it crumbles to dust.
You feel strangely unstable.
The electric eel shoots out a bolt of lightning at you!
The bolt of electricity hits the sky beast.
The sky beast completely resists.
The bolt of electricity misses you. You block the sky beast's attack.
7912 ||| DRINKING potion of heal wounds.
You feel much better. The sky beast barely misses you. You furiously retaliate!
You headbutt the sky beast, but do no damage.
The electric eel shoots out a bolt of lightning at you!
The bolt of electricity hits you!
You slash the electric eel! Your headbutt misses the electric eel.
The electric eel is almost dead.
You hit the sky beast. You closely miss the electric eel.
The sky beast flickers out of sight for a moment.
The sky beast closely misses you.
The centaur shoots an arrow.
The arrow barely misses the sky beast.
The arrow closely misses you.
You closely miss the electric eel. Your headbutt misses the electric eel.
The electric eel is severely wounded.
You slash the sky beast! You miss the electric eel.
The centaur shoots an arrow.
The arrow barely misses the sky beast.
The arrow hits you. The sky beast hits you. The sky beast shocks you.
The electric eel shoots out a bolt of lightning at you!
The bolt of electricity hits you.
You hear a shout!
You hit the electric eel. Your headbutt misses the electric eel.
The electric eel is almost dead.
You closely miss the sky beast. You hit the electric eel.
The centaur shoots an arrow.
The arrow barely misses the sky beast.
The arrow hits you!
The electric eel shoots out a bolt of lightning at you!
The bolt of electricity misses you.
The electric eel shoots out a bolt of lightning at you!
The bolt of electricity hits you!
You die...

....>..~~~~....#
~~.....h~~~..~..#
~~.~~hhh~~~~....###
~~~~~ch~~~~~~(.... ?
~~~~~~~~~~~~~..... ##..
~~~~~~~~~..^...## .....
..~~~~~~~%...~..##.#...
...~~~SYS~.............
.......@##.......<.#
........#...###..####.#
...........###..#......
...........###))..#####
........#####).####
.......###...(.#
.......##..#..#######.
##.####...##..........
.......##.#########


You could see a sky beast (invisible), a wolf, a centaur, 4 hounds and 2
electric eels.

Vanquished Creatures
  3 water moccasins
  A black bear (D:6)
  An ice beast (D:7)
  An ogre (D:7)
  A centaur (D:5)
  2 scorpions
  4 necrophages
  A gnoll sergeant (D:7)
  A bullfrog (D:3)
  3 wights (D:8)
  5 hounds
  A jelly (D:7)
  An iguana (D:5)
  Jessica (D:3)
  2 orc wizards (D:7)
  8 gnolls (D:7)
  8 adders
  A shadow imp (D:6)
  An ufetubus (D:4)
  3 worms (D:2)
  5 dart slugs
  13 orcs
  7 bats
  6 endoplasms
  2 giant cockroaches
  10 goblins
  8 hobgoblins
  4 jackals (D:4)
  3 kobolds
  8 quokkas
  8 ball pythons
  3 frilled lizards
  6 rats
132 creatures vanquished.

Notes
Turn   | Place    | Note
-------+----------+-------------------------------------------
     0 | D:1      | qw the Minotaur Fighter began the quest for the Orb.
     0 | D:1      | Reached XP level 1. HP: 19/19 MP: 0/0
     0 | D:1      | 0 ||| qw: Version: 0.1-a-112-g44dc6cd
     0 | D:1      | 0 ||| qw: Game counter: 6743
     0 | D:1      | 0 ||| qw: Always use a shield: true
     0 | D:1      | 0 ||| qw: God list: Ru
     0 | D:1      | 0 ||| qw: Allow faded altars: false
     0 | D:1      | 0 ||| qw: Do Orc after D:15 true
     0 | D:1      | 0 ||| qw: Do second Lair branch before Depths: true
     0 | D:1      | 0 ||| qw: Lair rune preference: random
     0 | D:1      | 0 ||| qw: Plans: Normal
     0 | D:1      | 0 ||| PLANNING D:1-11
    49 | D:1      | 49 ||| Stepping ~*~*~tactically~*~*~ (hiding).
    50 | D:1      | 50 ||| Stepping ~*~*~tactically~*~*~ (hiding).
   194 | D:1      | Reached skill level 3 in Axes
   299 | D:1      | Reached XP level 2. HP: 24/26 MP: 1/1
   320 | D:1      | Found a faded altar of an unknown god.
   548 | D:1      | Reached skill level 4 in Axes
   787 | D:1      | 787 ||| DROPPING +0 club.
  1057 | D:1      | 1057 ||| Stepping ~*~*~tactically~*~*~ (hiding).
  1403 | D:1      | 1403 ||| UPGRADING to +0 pair of boots.
  1408 | D:1      | 1408 ||| READING scroll labelled ZAAJICUEBLA.
  1409 | D:1      | 1409 ||| READING scroll labelled BEUFRE ECAPP.
  1587 | D:2      | Reached XP level 3. HP: 31/31 MP: 2/2
  1689 | D:2      | 1689 ||| Stepping ~*~*~tactically~*~*~ (stealth).
  1701 | D:2      | 1701 ||| FLEEEEING.
  1707 | D:2      | 1707 ||| FLEEEEING.
  1708 | D:2      | 1708 ||| FLEEEEING.
  1709 | D:2      | 1709 ||| FLEEEEING.
  1710 | D:2      | 1710 ||| FLEEEEING.
  1711 | D:2      | 1711 ||| FLEEEEING.
  1712 | D:2      | 1712 ||| FLEEEEING.
  1713 | D:2      | 1713 ||| FLEEEEING.
  1714 | D:2      | 1714 ||| FLEEEEING.
  1715 | D:2      | 1715 ||| FLEEEEING.
  1950 | D:2      | Reached skill level 5 in Axes
  2023 | D:2      | Reached XP level 4. HP: 29/39 MP: 3/3
  2156 | D:2      | Reached skill level 1 in Dodging
  2211 | D:2      | Found a basalt altar of Yredelemnul.
  2882 | D:2      | 2882 ||| UPGRADING to ring of protection from cold.
  2883 | D:2      | 2883 ||| READING scroll labelled ENUP QOSAWIRPH.
  2884 | D:2      | 2884 ||| READING 2 scrolls labelled BEFEFOBBYZ.
  2885 | D:2      | 2885 ||| READING scroll labelled MITE HIAGHYRI.
  2886 | D:2      | 2886 ||| READING scroll labelled QICLEL BASUV.
  2887 | D:2      | 2887 ||| DRINKING 2 sapphire potions.
  2888 | D:2      | 2888 ||| Stepping randomly (stuck).
  2889 | D:2      | 2889 ||| Stepping ~*~*~tactically~*~*~ (cloud).
  3150 | D:3      | 3150 ||| Stepping ~*~*~tactically~*~*~ (stealth).
  3363 | D:3      | 3363 ||| DROPPING +2 whip of draining.
  3553 | D:3      | Noticed Jessica
  3555 | D:3      | Killed Jessica
  3556 | D:3      | Reached skill level 6 in Axes
  3556 | D:3      | Reached XP level 5. HP: 43/45 MP: 4/4
  4080 | D:3      | 4080 ||| UPGRADING to amulet of regeneration.
  4487 | D:4      | Reached skill level 7 in Axes
  4808 | D:4      | Reached XP level 6. HP: 49/53 MP: 5/5
  4888 | D:4      | 4888 ||| Stepping ~*~*~tactically~*~*~ (stealth).
  4968 | D:4      | 4968 ||| Stepping ~*~*~tactically~*~*~ (stealth).
  4970 | D:4      | 4970 ||| Stepping ~*~*~tactically~*~*~ (hiding).
  5145 | D:4      | Found a staircase to the Ecumenical Temple.
  5606 | D:4      | 5606 ||| UPGRADING to +3 ring mail.
  5616 | D:4      | 5616 ||| DROPPING +0 scale mail.
  5617 | D:4      | 5617 ||| UPGRADING to +0 cloak.
  5622 | D:4      | 5622 ||| UPGRADING to ring of resist corrosion.
  5623 | D:4      | 5623 ||| READING 3 scrolls labelled AGOUGR VOMPYN.
  5630 | D:4      | 5630 ||| READING scroll labelled HEAD XEOMNIATH.
  5631 | D:4      | 5631 ||| READING scroll labelled QEAHYU GOMP.
  5632 | D:4      | 5632 ||| READING scroll labelled ULACKOZEGI.
  5633 | D:4      | 5633 ||| DRINKING 2 murky red potions.
  5634 | D:4      | 5634 ||| DRINKING 2 black potions.
  5635 | D:4      | 5635 ||| READING 3 scrolls of identify.
  5635 | D:4      | 5635 ||| IDENTIFYING purple potion
  5636 | D:4      | 5636 ||| READING 2 scrolls of identify.
  5636 | D:4      | 5636 ||| IDENTIFYING red potion
  5637 | D:4      | 5637 ||| DROPPING potion of degeneration.
  5638 | D:4      | 5638 ||| DROPPING potion of berserk rage.
  5639 | D:4      | 5639 ||| DROPPING potion of flight.
  5664 | D:5      | Entered Level 5 of the Dungeon
  5746 | D:5      | Reached skill level 8 in Axes
  5839 | D:5      | Reached XP level 7. HP: 45/60 MP: 6/6
  5919 | D:5      | Reached skill level 9 in Axes
  6209 | D:5      | 6209 ||| UPGRADING to ring of see invisible.
  6211 | D:5      | 6211 ||| UPGRADING to ring of protection from cold.
  6213 | D:5      | 6213 ||| READING scroll labelled ICWADY SACLEEV.
  6214 | D:5      | 6214 ||| READING 3 scrolls of identify.
  6214 | D:5      | 6214 ||| IDENTIFYING lumpy inky potion
  6215 | D:5      | 6215 ||| READING 2 scrolls of identify.
  6215 | D:5      | 6215 ||| IDENTIFYING coppery potion
  6216 | D:5      | 6216 ||| DROPPING potion of magic.
  6217 | D:5      | 6217 ||| DROPPING potion of lignification.
  6535 | D:6      | 6535 ||| Stepping ~*~*~tactically~*~*~ (stealth).
  6537 | D:6      | 6537 ||| Stepping ~*~*~tactically~*~*~ (stealth).
  6541 | D:6      | 6541 ||| Stepping ~*~*~tactically~*~*~ (stealth).
  6543 | D:6      | 6543 ||| Stepping ~*~*~tactically~*~*~ (stealth).
  6544 | D:6      | 6544 ||| Stepping ~*~*~tactically~*~*~ (stealth).
  6891 | D:6      | Reached skill level 10 in Axes
  6891 | D:6      | Reached XP level 8. HP: 66/69 MP: 7/7
  6908 | D:6      | 6908 ||| DRINKING 2 fuming silvery potions.
  6909 | D:6      | 6909 ||| DROPPING potion of invisibility.
  6964 | D:7      | Reached skill level 6 in Fighting
  7045 | D:7      | Found a bloodstained altar of Trog.
  7098 | D:7      | Found a burning altar of Makhleb.
  7137 | D:7      | 7137 ||| DRINKING 2 potions of curing.
  7137 | D:7      | 7137 ||| (to cure confusion)
  7138 | D:7      | 7138 ||| DRINKING potion of curing.
  7138 | D:7      | 7138 ||| (to cure confusion)
  7143 | D:7      | Reached skill level 11 in Axes
  7229 | D:7      | Found a runed translucent door.
  7230 | D:7      | Noticed Crazy Yiuf
  7592 | D:7      | 7592 ||| Stepping ~*~*~tactically~*~*~ (hiding).
  7636 | D:7      | Found a shadowy altar of Dithmenos.
  7636 | D:7      | Found a broken altar of Ashenzari.
  7774 | D:7      | 7774 ||| READING scroll labelled MIKO ILASTEE.
  7775 | D:7      | 7775 ||| READING 3 scrolls of identify.
  7775 | D:7      | 7775 ||| IDENTIFYING dark potion
  7850 | D:8      | 7850 ||| Stepping ~*~*~tactically~*~*~ (hiding).
  7900 | D:8      | Found a staircase to the Lair.
  7908 | D:8      | Reached skill level 12 in Axes
  7910 | D:8      | 7910 ||| Stepping ~*~*~tactically~*~*~ (water).
  7910 | D:8      | HP: 15/71 [sky beast (3)]
  7911 | D:8      | 7911 ||| READING 6 scrolls of teleportation.
  7912 | D:8      | 7912 ||| DRINKING potion of heal wounds.
  7915 | D:8      | HP: 10/71 [centaur/arrow (7)]
  7915 | D:8      | Killed from afar by an electric eel

Levels and vault maps discovered:
D:1:      dpeg_arrival_boxorama, layout_basic,
          shapermc_ecumenical_altar_mp_ritualfount, minmay_small_reverse_x
D:2:      layout_basic, basic_altar, minmay_hexomino_f4
D:3:      layout_basic, roderic_filled_cross, uniq_jessica
D:4:      layout_layer_cave, minmay_temple_entry_glassed_door,
          serial_co_window_serial, co_window_corner_a,
          co_window_of_opportunity_a, co_window_paths_a, co_window_paths_b,
          co_window_of_opportunity_a, co_window_of_opportunity_b,
          co_window_of_opportunity_c, co_window_corner_ca, co_window_2corner,
          co_window_of_opportunity_c, co_window_of_opportunity_c,
          co_window_paths_d, glass_columns_c, minmay_misc_feat_cross,
          hangedman_minor_gate_pass
D:5:      layout_basic, nicolae_titane
D:6:      layout_loops_cross, hex_medium
D:7:      layout_gridville, mainiacjoe_overflow_tiny_flanked,
          mainiacjoe_overflow_cross_hatched, gammafunk_temple_overflow_elements,
          hex_tiny, grunt_ogre_cave, uniq_crazy_yiuf_cottage
D:8:      layout_rooms, erik_lair_island, nicolae_two_hexagons

Skill      XL: |  1  2  3  4  5  6  7  8 |
---------------+-------------------------+-----
Axes           | 3 4 5 6 7 8 10 12 | 12.2
Dodging        | 1 2 |  2.4
Fighting       | 4 5 6 |  6.3
Shields        | 4 |  4.5
Armour         | |  3.6

Action                   |  1- 3 |  4- 6 |  7- 9 || total
-------------------------+-------+-------+-------++-------
Melee: War axe           |    84 |   173 |   132 ||   389
       Headbutt          |     8 |    17 |    24 ||    49
  Use: Scroll            |     2 |    10 |     6 ||    18
       Potion            |       |     3 |     4 ||     7
 Stab: Invisible         |       |       |     1 ||     1
Armor: Scale mail        |    35 |    66 |       ||   101
       Ring mail         |       |    10 |    55 ||    65
Dodge: Dodged            |    32 |    83 |    81 ||   196
Block: Buckler           |    13 |    30 |    36 ||    79

Table legend:
 A = Non-vault XP
 B = Vault XP
 C = Vault XP percentage of total XP
 D = Non-vault monster count
 E = Vault monster count
 F = Vault count percentage of total count
                 A         B        C        D         E       F
            +---------+---------+-------+---------+---------+-------
      Total |    2448 |     202 |   7.6 |     116 |      16 |  12.1
            +---------+---------+-------+---------+---------+-------
        D:1 |      33 |       7 |  17.5 |      16 |       4 |  20.0
        D:2 |      71 |      20 |  22.0 |      19 |       4 |  17.4
        D:3 |     123 |      37 |  23.1 |      18 |       1 |   5.3
        D:4 |     236 |      22 |   8.5 |      21 |       6 |  22.2
        D:5 |     371 |       0 |   0.0 |       8 |       0 |   0.0
        D:6 |     519 |       0 |   0.0 |       9 |       0 |   0.0
        D:7 |     571 |     116 |  16.9 |      20 |       1 |   4.8
        D:8 |     524 |       0 |   0.0 |       5 |       0 |   0.0
            +---------+---------+-------+---------+---------+-------
